 Dungeon Crawl Stone Soup version 0.30-a0-457-g4b7bca3bfa (webtiles) character file.

Game seed: 3521600861203875163

399 arthad the Trooper (level 6, -2/56 HPs)
             Began as a Minotaur Fighter on Dec 14, 2022.
             Slain by Pikel
             ... wielding a +1 whip of electrocution
              (10 damage)
             ... on level 5 of the Dungeon.
             The game lasted 00:03:42 (2861 turns).

arthad the Trooper (Minotaur Fighter)               Turns: 2861, Time: 00:03:43

Health: -2/56      AC:  9    Str: 23    XL:     6   Next: 53%
Magic:  5/5        EV:  8    Int:  5    God:
Gold:   112        SH:  4    Dex:  9    Spells: 5/5 levels left

rFire   . . .      SeeInvis .    a - +0 war axe
rCold   + . .      Faith    .    c - +0 buckler
rNeg    . . .      Spirit   .    t - +0 chain mail {rC+}
rPois   .          Reflect  .    v - +0 hat
rElec   .          Harm     .    (no cloak)
rCorr   .          Rampage  .    (no gloves)
Will    .....                    (no boots)
Stlth   ..........               (no amulet)
HPRegen 0.29/turn                (no ring)
MPRegen 0.09/turn                (no ring)

@: mighty
A: horns 2, retaliatory headbutt
a: no special abilities


You were on level 5 of the Dungeon.
You visited 1 branch of the dungeon, and saw 5 of its levels.

You collected 162 gold pieces.
You spent 50 gold pieces at shops.

Inventory:

Hand Weapons
 a - a +0 war axe (weapon)
Missiles
 s - 2 javelins (quivered)
Armour
 b - a +0 scale mail
 c - a +0 buckler (worn)
 h - a +0 kite shield
 t - a +0 chain mail of cold resistance (worn)
 v - a +0 hat (worn)
Scrolls
 e - 5 scrolls of teleportation {unknown}
 f - 3 scrolls of fear {unknown}
 g - 5 scrolls of immolation
 k - a scroll of amnesia {unknown}
 l - 3 scrolls of identify {unknown}
 m - a scroll of butterflies {unknown}
 o - a scroll of poison {unknown}
 p - a scroll of vulnerability {unknown}
 u - a scroll of enchant weapon {unknown}
 x - a scroll of blinking {unknown}
Potions
 d - a potion of might
 i - 5 potions of curing {unknown}
 j - 2 potions of degeneration {unknown}
 n - a potion of brilliance {unknown}
 q - 2 potions of ambrosia {unknown}
 r - a potion of flight {unknown}
 w - a potion of cancellation {unknown}


   Skills:
 * Level 5.6 Fighting
 * Level 4.9 Axes
 + Level 4.8 Armour
 + Level 2.5 Dodging
 + Level 4.6 Shields


You had 5 spell levels left.
You didn't know any spells.
Your spell library contained the following spells:

 Spells                   Type           Power      Damage    Failure   Level
 Call Canine Familiar     Summ           0%         N/A       100%        3
 Portal Projectile        Hex/Tloc       0%         N/A       100%        3
 Leda's Liquefaction      Hex/Erth       0%         N/A       100%        4


Dungeon Overview and Level Annotations

Branches:
Dungeon (5/15)
 Temple: D:4-7

Altars:

Shops:
D:2 *

Annotations:
D:5 Pikel


Innate Abilities, Weirdness & Mutations

You have a pair of horns on your head.
You reflexively headbutt those who attack you in melee.


Message History

Pikel hits you with a +1 whip of electrocution. x2
You barely miss Pikel.
Pikel is heavily wounded.
Pikel barely misses you.
You barely miss Pikel.
Pikel is heavily wounded.
Pikel closely misses you.
You closely miss Pikel.
Pikel is heavily wounded.
Pikel hits you with a +1 whip of electrocution.
You are electrocuted!
Pikel hits you with a +1 whip of electrocution.
* * * LOW HITPOINT WARNING * * *
You are too injured to fight recklessly!
You are too injured to fight recklessly!
You are too injured to fight recklessly!
You are too injured to fight recklessly!
You are too injured to fight recklessly!
You are too injured to fight recklessly!
You are too injured to fight recklessly!
You are too injured to fight recklessly!
You are too injured to fight recklessly!
You are too injured to fight recklessly!
You are too injured to fight recklessly!
You are too injured to fight recklessly!
You are too injured to fight recklessly!
You are too injured to fight recklessly!
You are too injured to fight recklessly!
You are too injured to fight recklessly!
You are too injured to fight recklessly!
You are too injured to fight recklessly!
You feel very mighty all of a sudden.
Pikel hits you with a +1 whip of electrocution.
* * * LOW HITPOINT WARNING * * *
You slash Pikel! Your headbutt misses Pikel.
Pikel is severely wounded.
Pikel hits you with a +1 whip of electrocution.
* * * LOW HITPOINT WARNING * * *
You are electrocuted!
You die...

..#..#.#.#..# ...
....#.#.#..# #.#
###....#....# ..#
#........).#####.# ##
#...<....#.....#.# ...
#####..#.#...#.#.# ....
.......#.###.#...#
..... .#####.#.#
#....)#5..... #...#.#
#....@K5o....
###'###.#....####.5##+#
#.......##.... ..#
#.......#...... ..#
#......##.#.. ..#
#......##.... ..
#......# .#. #...)..#
#......#


You could see Pikel, 3 lemures and an orc.

Vanquished Creatures
  An ogre (D:4)
  A scorpion (D:4)
  A hound (D:4)
  An orc wizard (D:5)
  Robin (D:2)
  6 gnolls
  2 adders
  A shadow imp (D:3)
  2 worms
  3 dart slugs
  9 orcs
  5 ball pythons
  7 endoplasms
  4 giant cockroaches
  13 goblins
  7 hobgoblins
  5 jackals
  A quokka (D:2)
  9 bats
  A frilled lizard (D:2)
  3 kobolds
  5 rats
88 creatures vanquished.

Notes
Turn   | Place    | Note
-------+----------+-------------------------------------------
     0 | D:1      | arthad the Minotaur Fighter began the quest for the Orb.
     0 | D:1      | Reached XP level 1. HP: 19/19 MP: 0/0
   297 | D:1      | Reached XP level 2. HP: 27/27 MP: 1/1
   557 | D:1      | Reached skill level 4 in Fighting
   810 | D:2      | Reached XP level 3. HP: 27/33 MP: 2/2
   874 | D:2      | Noticed Robin
   893 | D:2      | Killed Robin
   894 | D:2      | Reached skill level 1 in Dodging
   945 | D:2      | Reached XP level 4. HP: 23/41 MP: 3/3
  1657 | D:2      | Found Keytiwk's Assorted Antiques.
  1683 | D:2      | Bought 2 scrolls labelled HIUXO ARHEHEOL for 50 gold pieces
  2168 | D:4      | Reached XP level 5. HP: 47/47 MP: 4/4
  2193 | D:4      | Reached skill level 5 in Fighting
  2554 | D:4      | Noticed an ogre
  2563 | D:4      | Killed an ogre
  2564 | D:4      | Reached XP level 6. HP: 56/56 MP: 5/5
  2794 | D:5      | Entered Level 5 of the Dungeon
  2840 | D:5      | Noticed Pikel
  2861 | D:5      | Slain by Pikel

Illustrated notes

Levels and vault maps discovered:
D:1:      dpeg_arrival_simpleton_b, layout_basic
D:2:      layout_loops_corners, serial_shops, shop, uniq_robin
D:3:      layout_rooms
D:4:      layout_rooms, lightli_corner_chamber
D:5:      layout_basic, uniq_pikel, uniq_blork_the_orc

Skill      XL: |  1  2  3  4  5 |
---------------+----------------+-----
Axes           | 3 4 |  4.9
Fighting       | 4 5 |  5.6
Dodging        | 1 2 |  2.5
Armour         | 4 |  4.8
Shields        | 4 |  4.6

Action                   |  1- 3 |  4- 6 || total
-------------------------+-------+-------++-------
Melee: War axe           |    59 |   125 ||   184
       Headbutt          |     8 |    17 ||    25
Throw: Javelin           |       |     2 ||     2
  Use: Scroll            |       |     1 ||     1
       Potion            |       |     1 ||     1
Armor: Scale mail        |    33 |    39 ||    72
       Chain mail        |       |    12 ||    12
Dodge: Dodged            |    24 |    61 ||    85
Block: Buckler           |    14 |    29 ||    43

Table legend: (Time is in decaauts)
 A = Elapsed time spent in this place.
 B = Non-inter-level travel time spent in this place.
 C = Inter-level travel time spent in this place.
 D = Time resting spent in this place.
 E = Time spent auto-exploring this place.
 F = Levels seen in this place.
 G = Mean time per level.
                   A        B        C        D        E       F      G
               +--------+--------+--------+--------+--------+-----+--------+
         Total |   2925 |   2861 |     64 |      0 |   2348 |   5 |  585.0 |
       Dungeon |   2925 |   2861 |     64 |      0 |   2348 |   5 |  585.0 |
               +--------+--------+--------+--------+--------+-----+--------+

Top non-repeatable levels by time:
     D:2: 1073 daAuts
     D:1: 757 daAuts
     D:4: 649 daAuts
     D:3: 370 daAuts
     D:5: 73 daAuts
